Map: Blackburn LE

Players

Pumba - Winner!

  • Race: Zerg Zerg
  • League: Diamond
  • Spawn Location: 5:00

SweatyPike

  • Race: Protoss Protoss
  • League: Diamond
  • Spawn Location: 7:00

VOD

Have the link to the VOD?

Description

Time

  • Played on: Aug. 17, 2021, 8:11 p.m.
  • Length: 8:35
Show
View Real Time Build Order
Export as new Build Order

Pumba Zerg - Winner!

Build Orders: Pool First 

Get SALT Encoding   

  12  0:00  Drone  
  13  0:12  Overlord  
  13  0:17  Drone  
  14  0:32  Drone x2  
  16  0:36  Drone  
  17  0:46  Spawning Pool  
  17  0:48  Drone  
  17  1:09  Hatchery  
  16  1:14  Drone  
  16  1:15  Drone, Extractor  
  17  1:23  Drone  
  18  1:31  Drone  
  19  1:34  Queen  
  21  1:40  Overlord  
  21  1:50  Zergling x2  
  22  2:02  Drone  
  23  2:10  Queen  
  25  2:17  Drone  
  25  2:20  Metabolic Boost  
  26  2:23  Drone x2  
  28  2:40  Hatchery  
  27  2:44  Drone x2  
  27  2:45  Drone x2  
  27  2:51  Drone x2  
  33  2:55  Overlord  
  33  3:07  Overlord  
  33  3:09  Drone x2  
  35  3:12  Queen  
  37  3:21  Drone x6  
  43  3:28  Drone  
  44  3:34  Overlord  
  44  3:37  Overlord  
  44  3:41  Queen  
  46  3:48  Queen  
  46  3:53  Zergling x4  
  50  3:57  Drone x7  
  57  4:03  Lair  
  57  4:06  Baneling Nest  
  57  4:09  Extractor  
  55  4:28  Overlord  
  55  4:33  Drone x2  
  55  4:34  Drone x10  
  67  4:45  Overlord x3  
  67  4:49  Extractor  
  67  4:51  Extractor  
  65  4:58  Overlord x2  
  67  5:04  Drone x8  
  67  5:05  Spire  
  74  5:17  Drone, Roach Warren  
  74  5:21  Extractor  
  73  5:22  Extractor x3  
  70  5:30  Drone x6  
  76  5:40  Hatchery x2  
  74  5:46  Hatchery  
  74  5:47  Drone  
  74  5:53  Zergling x14  
  74  5:54  Zergling x4  
  83  6:02  Centrifugal Hooks  
  83  6:07  Roach x6  
  83  6:08  Roach x2  
  83  6:10  Roach  
  101  6:13  Overlord  
  101  6:17  Overlord x2  
  101  6:25  Overlord  
  100  6:39  Drone x2  
  101  6:43  Mutalisk x7  
  101  6:45  Mutalisk  
  117  6:53  Overlord x2  
  117  6:55  Roach x5  
  117  7:00  Evolution Chamber  
  126  7:05  Evolution Chamber  
  126  7:07  Roach x5  
  135  7:17  Roach x5  
  135  7:19  Zergling x4  
  137  7:47  Zergling x36  
  137  7:48  Zergling x6  
  142  8:01  Zergling x8  
  142  8:03  Zergling x4  
  123  8:09  Zergling x10  
  123  8:12  Zergling x4  
Show
View Real Time Build Order
Export as new Build Order

SweatyPike Protoss 

Build Orders: 1 Gate Expand, Double Forge 

Get SALT Encoding   

  12  0:00  Probe  
  13  0:12  Probe  
  14  0:19  Pylon  
  14  0:24  Probe (Chrono Boost)  
  15  0:38  Probe (Chrono Boost)  
  15  0:39  Gateway  
  16  0:43  Probe (Chrono Boost)  
  16  0:47  Assimilator  
  17  0:55  Probe  
  18  1:07  Probe  
  19  1:19  Probe  
  20  1:28  Nexus  
  20  1:41  Cybernetics Core  
  20  1:51  Pylon  
  20  1:57  Pylon  
  20  1:59  Gateway  
  20  2:03  Zealot (Chrono Boost)  
  22  2:17  Warp Gate  
  22  2:21  Adept  
  22  2:27  Probe  
  25  2:30  Assimilator  
  25  2:39  Probe x2  
  27  2:48  Shield Battery  
  27  2:50  Sentry  
  29  2:51  Probe  
  29  2:52  Probe  
  33  3:03  Probe  
  33  3:04  Probe  
  33  3:08  Robotics Facility  
  33  3:15  Probe  
  33  3:16  Probe  
  35  3:22  Pylon  
  35  3:27  Probe  
  35  3:28  Probe  
  37  3:40  Probe x2  
  39  3:44  Forge  
  39  3:45  Forge  
  39  3:50  Assimilator  
  39  3:52  Probe x2  
  41  3:56  Observer  
  42  4:03  Gateway  
  42  4:04  Gateway  
  42  4:05  Probe  
  43  4:10  Stalker  
  43  4:13  Probe  
  43  4:15  Protoss Ground Weapons Level 1 (Chrono Boost)  
  46  4:17  Protoss Ground Armor Level 1 (Chrono Boost)  
  46  4:19  Stalker  
  48  4:30  Probe x2  
  50  4:42  Probe x2, Assimilator  
  52  4:54  Probe x2  
  54  5:00  Pylon  
  54  5:01  Pylon  
  54  5:06  Pylon  
  54  5:18  Immortal (Chrono Boost), Probe  
  54  5:19  Pylon  
  54  5:20  Stalker x2  
  63  5:21  Pylon  
  63  5:41  Pylon  
  63  5:48  Robotics Facility  
  63  5:55  Immortal (Chrono Boost), Stalker x2  
  71  6:12  Stalker x2  
  75  6:26  Warp Prism (Chrono Boost)  
  77  6:36  Stalker  
  77  6:37  Stalker x3  
  85  6:41  Immortal (Chrono Boost)  
  85  6:43  Pylon  
  85  6:45  Pylon  
  89  6:48  Pylon  
  89  6:58  Immortal (Chrono Boost)  
  93  7:10  Pylon  
  93  7:12  Pylon  
  93  7:13  Immortal  
  97  7:27  Stalker x2  
  97  7:28  Stalker  
  97  7:29  Sentry  
  92  7:51  Stalker  
Tags
 
Add a new tag
Caveats
  • Supply blocks, unpowered buildings, or Contaminate may cause inaccurate times.
  • Supply counts are checked every 10 seconds.